 Dungeon Crawl Stone Soup version 0.31.0-12-g77e489cdc1 (webtiles) character file.

Game seed: 2062836027124183893

29 Curundu the Trooper (level 3, -23/33 HPs)
             Began as a Minotaur Berserker on Feb 20, 2024.
             Was a Follower of Trog.
             Annihilated by an ogre
             ... wielding a +0 giant club
              (35 damage)
             ... on level 2 of the Dungeon.
             The game lasted 00:02:12 (1093 turns).

Curundu the Trooper (Minotaur Berserker)            Turns: 1093, Time: 00:02:13

Health: -23/33     AC:  2    Str: 23    XL:     3   Next: 1%
Magic:  2/2        EV: 12    Int:  4    God:    Trog [*.....]
Gold:   86         SH:  0    Dex:  9    Spells: 2/2 levels left

rFire   . . .        a - +0 hand axe
rCold   . . .        (no shield)
rNeg    . . .        b - +0 animal skin
rPois   .            (helmet restricted)
rElec   .            (no cloak)
rCorr   .            (no gloves)
SInv    .            (no boots)
Will    .....        c - amulet of regeneration
Stlth   +            (no ring)
HPRegen 1.05/turn    (no ring)
MPRegen 0.08/turn

%: no passive effects
@: no status effects
A: horns 2, retaliatory headbutt
a: Renounce Religion, Berserk


You were on level 2 of the Dungeon.
You worshipped Trog.
Trog was aware of your devotion.
You visited 1 branch of the dungeon, and saw 2 of its levels.

You collected 86 gold pieces.

Inventory:

Hand Weapons
 a - a +0 hand axe (weapon)
Armour
 b - a +0 animal skin (worn)
Jewellery
 c - an amulet of regeneration (around neck)
 h - a +6 ring of dexterity
Scrolls
 d - a scroll of identify {unknown}
 e - a scroll of fog {unknown}
 j - a scroll of noise {unknown}
 k - a scroll of torment {unknown}
Potions
 f - a potion of invisibility {unknown}
 g - a potion of enlightenment {unknown}
 i - a potion of berserk rage {unknown}
 l - a potion of curing {unknown}


   Skills:
 + Level 4.2 Fighting
 + Level 4.2 Axes
 + Level 2.6 Armour
 + Level 2.5 Dodging


You had 2 spell levels left.
You didn't know any spells.
Your spell library was empty.

Dungeon Overview and Level Annotations

Branches:
Dungeon (2/15)

Altars:


Innate Abilities, Weirdness & Mutations

You have a pair of horns on your head.
You reflexively headbutt those who attack you in melee.


Message History

The bat completely misses you.
You closely miss the bat. You hit the endoplasm. The bat barely misses you.
The bat closely misses you. You furiously retaliate!
You headbutt the bat. The endoplasm freezes you.
You are frozen.
The bat barely misses you. The endoplasm freezes you.
You are frozen.
You hit the bat but do no damage. You headbutt the bat.
You kill the bat!
Trog accepts your kill.
You hit the endoplasm.
You kill the endoplasm!
Trog accepts your kill.
You have reached level 3!
Your experience leads to an increase in your attributes!
Increase (S)trength, (I)ntelligence, or (D)exterity?
You feel stronger. x2
HP restored.
You now have 77 gold pieces (gained 14).
Found 4 stones.
k - a scroll labelled LOAX LUDISMO You see here 4 stones.
l - an orange potion An ogre comes into view.
It is wielding a +0 giant club.
You now have 86 gold pieces (gained 9).
Okay, then.
You hit the ogre.
The ogre is lightly wounded.
The ogre barely misses you.
You hit the ogre.
The ogre is moderately wounded.
You slash the ogre! You headbutt the ogre.
The ogre is severely wounded.
The ogre hits you with a +0 giant club!!
Ouch! That really hurt!
You fail to use your ability.
The ogre hits you with a +0 giant club!!
Ouch! That really hurt!
You die...

#### .... ######### #...
.... ..#.....## ...## .....
.........## ...###.....
..........# ..........
(.........########.##......
...........................
................@..........
................O##........
.........#.................
..#.....##.......####......
###.######......##....#....
#.######.........# ##....
#..#...#..†...## ...
##.#..........# ..
##.#..........#


You could see an ogre.

Vanquished Creatures
  2 dart slugs (D:1)
  A ball python (D:1)
  6 bats
  2 endoplasms
  A hobgoblin (D:1)
  4 quokkas (D:1)
  A frilled lizard (D:1)
  3 goblins (D:1)
  A kobold (D:1)
  A rat (D:1)
22 creatures vanquished.

Notes
Turn   | Place    | Note
-------+----------+-------------------------------------------
     0 | D:1      | Curundu the Minotaur Berserker began the quest for the Orb.
     0 | D:1      | Reached XP level 1. HP: 19/19 MP: 0/0
   240 | D:1      | Reached XP level 2. HP: 24/27 MP: 1/1
  1026 | D:2      | Reached XP level 3. HP: 27/33 MP: 2/2
  1082 | D:2      | Noticed an ogre
  1093 | D:2      | Annihilated by an ogre

Illustrated notes

Levels and vault maps discovered:
D:1:      scummos_arrival_hexagon, layout_loops_corners
D:2:      layout_rooms, ebering_ecumenical_altar_sacrificial

Skill      XL: |  1  2 |
---------------+-------+-----
Axes           | 4 |  4.2
Fighting       | 4 |  4.2
Armour         | |  2.6
Dodging        | |  2.5

Action                     || total
---------------------------++-------
  Melee: Hand axe          ||    41
         Headbutt          ||     6
         Punch             ||     1
 Armour: Animal skin       ||    28
  Dodge: Dodged            ||    50
